 Dungeon Crawl Stone Soup version 0.31-a0-1338-gb567cfdca4 (console) character file.

Game seed: 18348389614609743800

264 petzl the Sneak (level 6, -1/47 HPs)
             Began as a Formicid Delver on Dec 23, 2023.
             Was a Follower of Vehumet.
             Slain by Crazy Yiuf
             ... wielding a +2 quarterstaff of chaos
              (7 damage)
             ... on level 3 of the Dungeon.
             The game lasted 00:12:25 (3039 turns).

petzl the Sneak (Formicid Delver)                   Turns: 3039, Time: 00:12:32

Health: -1/47      AC:  4    Str: 16    XL:     6   Next: 43%
Magic:  14/14      EV: 12    Int: 14    God:    Vehumet [*.....]
Gold:   182        SH:  0    Dex: 15    Spells: 15/16 levels left

rFire   + . .        a - +1 flail {venom, rPois rCorr Int+2}
rCold   + . .        (no shield)
rNeg    . . .        b - +0 leather armour
rPois   +            (helmet unavailable)
rElec   +            u - +0 cloak
rCorr   +            (no gloves)
SInv    +            (no boots)
Will    .....        (no amulet)
Stlth   +++          (no ring)
HPRegen 0.27/turn    (no ring)
MPRegen 0.14/turn

%: no passive effects
@: resistant
A: permanent stasis, dig shafts and tunnels, antennae 3, four strong arms
a: Dig, Shaft Self, Renounce Religion


You were on level 3 of the Dungeon.
You worshipped Vehumet.
Vehumet was aware of your devotion.
You visited 1 branch of the dungeon, and saw 7 of its levels.

You collected 236 gold pieces.
You spent 54 gold pieces at shops.

Inventory:

Hand Weapons
 a - the +1 flail "Miujih" (weapon) {venom, rPois rCorr Int+2}
   (You found it on level 3 of the Dungeon)

   Int+2:     It affects your intelligence (+2).
   rPois:     It protects you from poison rCorr: It protects you from acid and
   corrosion.
 r - a +0 mace
Missiles
 k - 10 poisoned darts
Armour
 b - a +0 leather armour (worn)
 u - a +0 cloak (worn)
Wands
 f - a wand of digging (3)
Scrolls
 c - a scroll of fog
 d - a scroll of revelation
 e - 2 scrolls of fear
 h - a scroll of poison
 m - a scroll of enchant weapon
 s - 2 scrolls of immolation
 v - a scroll of amnesia
Potions
 g - 2 potions of brilliance {unknown}
 i - 2 potions of curing {unknown}
 j - a potion of heal wounds {unknown}
 l - a potion of ambrosia {unknown}
 n - a potion of lignification {unknown}
 o - a potion of attraction {unknown}
 p - a potion of haste {unknown}
 q - a potion of might {unknown}
 t - 2 potions of resistance {unknown}


   Skills:
 - Level 3.2 Fighting
 + Level 2.1 Maces & Flails
 - Level 1.7 Dodging
 - Level 6.0 Stealth
 + Level 5.8 Spellcasting


You had 15 spell levels left.
You knew the following spells:

 Your Spells              Type           Power      Damage    Failure   Level
a - Shock                 Conj/Air       16%        1d4       21%         1

Your spell library contained the following spells:

 Spells                   Type           Power      Damage    Failure   Level


Dungeon Overview and Level Annotations

Branches:
Dungeon (7/15)
 Temple: D:4-7

Altars:
Cheibriados
Qazlal
Vehumet

Shops:
D:3 *

Annotations:
D:3 exclusion: downstairs, Crazy Yiuf, Grinder
D:6 Blork the orc


Innate Abilities, Weirdness & Mutations

You cannot be hasted, slowed, berserked, paralysed or teleported.
You can dig through walls and to a lower floor.
You have a pair of large antennae on your head. (SInv)
Your four strong arms can wield two-handed weapons with a shield.


Message History

The hobgoblin hits you but does no damage.
You completely miss the hobgoblin. The hobgoblin hits you.
You hit the hobgoblin.
You kill the hobgoblin!
Vehumet accepts your kill.
You see here a hobgoblin corpse.
You now have 182 gold pieces (gained 17).
w - a scroll of identify
As you read the scroll of identify, it crumbles to dust.
m - a scroll of enchant weapon Unknown command.
Unknown command.
Unknown command.
Unknown command.
(D) Dungeon
Where to? (Tab/Enter - D:4, ? - help)
There is a stone staircase leading up here.
You climb upwards.
Level annotation: exclusion: downstairs, Grinder
There is a stone staircase leading down here.
There is an open door here.
Found a hammer.
Found a runed translucent door.
Crazy Yiuf shouts!
You open the door. You completely miss Crazy Yiuf.
Crazy Yiuf hits you with a +2 quarterstaff of chaos!
You feel protected.
You barely miss Crazy Yiuf.
Crazy Yiuf hits you with a +2 quarterstaff of chaos!
Crazy Yiuf says, "Defame down leg!"
Crazy Yiuf barely misses you.
Are you sure you want to shaft yourself?
Crazy Yiuf says, "Cake seventy King!"
Crazy Yiuf hits you with a +2 quarterstaff of chaos!
* * * LOW HITPOINT WARNING * * *
Crazy Yiuf freezes you.
* * * LOW HITPOINT WARNING * * *
You begin to dig a shaft.
You continue digging a shaft.
Crazy Yiuf hits you with a +2 quarterstaff of chaos!
You die...

.....# ##### #.............# ##
....#########...# #.5........####
....##.....##.#.# #####....###
...###.###.##.#.############....#####
>..'..........÷......................
...#######.##.#.###########......####
...# #......................###..#
...# #.......................# #....
...# #.......................# ....
#### #.....)..)..............# ...
#......................## ..
#.............†........#
#......................#
#.....################.# #.....# #.#
#.....##♣♣♣♣♣ #.# .. #.........♣.♣♣♣
### #.# . #..........♣..♣#...# #.#
#.........♣♣♣♣@g...# #.# #........♣♣
♣♣#..)# #.# #.....##♣♣ ### #.#
#.....# #.# ######## #.....# #.#
#....... #.....################.#
#.....?. #......................#
#....... #......................#
#....... #......................#
#....... ########################
#......? #....... #....... ########
#. ..## #. #.## #.##.## ##..o...
#..<#.## #.#...#{


You could see Crazy Yiuf.

Vanquished Creatures
  A jelly (D:6)
  3 iguanas
  An orc wizard (D:6)
  A gnoll (D:6)
  5 adders
  A dart slug (D:3)
  9 orcs
  8 endoplasms
  2 giant cockroaches
  4 goblins
  6 hobgoblins
  5 jackals (D:2)
  3 quokkas
  3 ball pythons (D:4)
  3 bats
  3 frilled lizards
  6 kobolds
  A rat (D:1)
65 creatures vanquished.

Notes
Turn   | Place    | Note
-------+----------+-------------------------------------------
     0 | D:5      | petzl the Formicid Delver began the quest for the Orb.
     0 | D:5      | Reached XP level 1. HP: 18/18 MP: 1/1
   224 | D:2      | Reached skill level 1 in Spellcasting
   257 | D:2      | Reached XP level 2. HP: 24/24 MP: 4/4
   950 | D:2      | Reached XP level 3. HP: 24/29 MP: 7/7
  1167 | D:2      | You fall into a shaft and drop 1 floor!
  1326 | D:3      | Found Git Zuh's Assorted Antiques.
  1329 | D:3      | Noticed Grinder
  1349 | D:3      | Identified the +1 flail "Miujih" {venom, rPois rCorr Int+2}
  1396 | D:4      | Noticed an ogre
  1435 | D:3      | Reached XP level 4. HP: 33/35 MP: 8/8
  1482 | D:3      | Bought a scroll labelled JEMERIXTEGI for 27 gold pieces
  1482 | D:3      | Bought a scroll labelled ZIR LETHREWNAM for 27 gold pieces
  1805 | D:4      | Reached XP level 5. HP: 32/41 MP: 9/11
  1890 | D:4      | Found a radiant altar of Vehumet.
  1890 | D:4      | Found a stormy altar of Qazlal.
  1906 | D:4      | Became a worshipper of Vehumet
  2242 | D:5      | Found a snail-covered altar of Cheibriados.
  2257 | D:5      | Noticed a phantom
  2485 | D:6      | Reached skill level 5 in Spellcasting
  2490 | D:6      | Noticed Blork the orc
  2514 | D:6      | Reached XP level 6. HP: 43/47 MP: 14/14
  2564 | D:7      | Noticed an orc warrior
  2607 | D:7      | Noticed an ice beast
  2924 | D:5      | Reached * piety under Vehumet
  2924 | D:5      | Offered knowledge of Shock by Vehumet.
  2927 | D:5      | Learned a level 1 spell: Shock
  3031 | D:3      | Found a runed translucent door.
  3032 | D:3      | Noticed Crazy Yiuf
  3039 | D:3      | Slain by Crazy Yiuf

Illustrated notes

Levels and vault maps discovered:
D:1:      minmay_arrival_plants_in_alcoves, layout_basic
D:2:      cheibrodos_pilgrimage, layout_basic, basic_altar, minmay_crystal_water
D:3:      layout_basic, serial_shops, nicolae_shop_overgrown_old_shop,
          uniq_grinder, uniq_crazy_yiuf_cottage
D:4:      layout_cave_pools, amethyst_overflow_temple_binary
D:5:      layout_rooms, lemuel_doored_altar,
          mainiacjoe_sewer_entry_somewhere_in_here_1, nicolae_half_adder
D:6:      layout_loops_cross, serial_shops, shop, uniq_blork_the_orc
D:7:      layout_cave_pools, nzn_wu_jian_council_hall, minitemple,
          minmay_temple_entry_junction_2, hangedman_glass_teeth, uniq_pikel,
          uniq_joseph

Skill      XL: |  1  2  3  4  5 |
---------------+----------------+-----
Spellcasting   | 1 2 3 4 5 |  5.8
Fighting       | |  3.2
Maces & Flails | |  2.1
Dodging        | |  1.7
Stealth        | |  6.0

Action                     |  1- 3 |  4- 6 || total
---------------------------+-------+-------++-------
  Melee: Mace              |    55 |       ||    55
         Flail             |    15 |    92 ||   107
         Punch             |       |     1 ||     1
Ability: Shaft Self        |     1 |     1 ||     2
    Use: Scroll            |       |     6 ||     6
   Stab: Sleeping          |    10 |     9 ||    19
 Armour: Leather armour    |    38 |    54 ||    92
  Dodge: Dodged            |    49 |    62 ||   111

Table legend: (Time is in decaauts)
 A = Elapsed time spent in this place.
 B = Non-inter-level travel time spent in this place.
 C = Inter-level travel time spent in this place.
 D = Time resting spent in this place.
 E = Time spent auto-exploring this place.
 F = Levels seen in this place.
 G = Mean time per level.
                   A        B        C        D        E       F      G
               +--------+--------+--------+--------+--------+-----+--------+
         Total |   3088 |   2948 |    140 |    407 |   1325 |   7 |  441.1 |
       Dungeon |   3088 |   2948 |    140 |    407 |   1325 |   7 |  441.1 |
               +--------+--------+--------+--------+--------+-----+--------+

Top non-repeatable levels by time:
     D:4: 673 daAuts
     D:1: 625 daAuts
     D:6: 544 daAuts
     D:2: 470 daAuts
     D:3: 404 daAuts
     D:5: 303 daAuts
     D:7: 65 daAuts
